AoeStats
← Palomekiu

Arabia

509765964Analyzed
3v3 RM · 5d ago on Sep 27, 2026· 50m 2s· 6 players
Game mode
Random Map
Map size
Normal (6 player)
Population
200
Speed
Normal
Resources
Standard
Victory
Conquest
Starting age
Dark Age
Ending age
Imperial Age
RankedLock teamsTeams togetherTeam positionsShared explorationLock speedFull tech treeHidden civsTurbo modeCheats
Victory
Defeat
🇦🇷 Magyars · Argentina
1193
+15
🇦🇷 Ethiopians · Argentina
1166
+16
🇦🇷 Cumans · Argentina
1160
+16
🇦🇷 Magyars · Argentina
1231
-18
🇦🇷 Mongols · Argentina
1225
-18
🇦🇷 Franks · Argentina
1058
-11
Sgto. Cabral
5:05 Loom
9:41 Feudal Age
11:49 Double-Bit Axe
17:08 Scale Barding Armor
16:55 Horse Collar
24:53 Castle Age
25:10 Bloodlines
25:12 Gold Mining
25:50 Husbandry
26:24 Chain Barding Armor
27:25 Gold Shaft Mining
32:50 Stone Mining
33:18 Bow Saw
34:59 Heavy Plow
41:23 Wheelbarrow
43:43 Fletching
44:06 Corvinian Army
46:59 Bodkin Arrow
50:51 Imperial Age
stonereader
8:01 Feudal Age
8:50 Double-Bit Axe
10:34 Loom
20:49 Castle Age
19:55 Gold Mining
21:41 Horse Collar
22:26 Padded Archer Armor
24:07 Fletching
25:17 Bodkin Arrow
28:33 Ballistics
35:27 Husbandry
35:37 Bloodlines
44:02 Thumb Ring
Palomekiu
6:38 Loom
9:08 Feudal Age
11:46 Double-Bit Axe
22:25 Castle Age
22:36 Scale Barding Armor
23:38 Husbandry
24:02 Bow Saw
24:56 Chain Barding Armor
26:14 Forging
45:24 Imperial Age
46:02 Iron Casting
46:05 Cavalier
[AryaStark]
1:45 Loom
10:28 Feudal Age
17:36 Horse Collar
19:44 Fletching
25:10 Castle Age
23:43 Padded Archer Armor
24:44 Double-Bit Axe
25:13 Crossbowman
26:14 Bodkin Arrow
26:57 Leather Archer Armor
29:52 Scale Mail Armor
39:28 Wheelbarrow
42:24 Heavy Plow
45:19 Hand Cart
49:02 Imperial Age
47:23 Forging
48:21 Gold Mining
49:02 Halberdier
50:13 Chain Mail Armor
50:33 Iron Casting
Dracarys
2:27 Loom
10:34 Feudal Age
11:05 Double-Bit Axe
15:10 Forging
18:31 Horse Collar
24:41 Castle Age
24:48 Wheelbarrow
24:21 Scale Barding Armor
25:12 Bloodlines
26:08 Chain Barding Armor
29:10 Iron Casting
31:54 Heavy Plow
32:33 Gold Mining
32:49 Fletching
34:13 Hand Cart
34:03 Light Cavalry
38:52 Imperial Age
38:00 Gold Shaft Mining
38:18 Bow Saw
38:57 Stone Mining
40:10 Plate Barding Armor
39:20 Cavalier
41:52 Crop Rotation
44:01 Blast Furnace
43:04 Steppe Husbandry
43:26 Conscription
43:05 Bodkin Arrow
44:04 Hussar
47:15 Elite Steppe Lancer
Milki
6:17 Loom
9:27 Feudal Age
10:08 Double-Bit Axe
20:52 Castle Age
19:28 Scale Barding Armor
20:35 Bloodlines
22:07 Chain Barding Armor
26:45 Husbandry
38:22 Horse Collar
38:55 Bow Saw
41:54 Imperial Age
41:18 Fletching
42:15 Bodkin Arrow
42:47 Bodkin Arrow
44:48 Wheelbarrow
46:15 Light Cavalry
47:39 Plate Barding Armor
Connection lost

Rejoining the realm…

Still unreachable

The connection could not be restored.

Session expired

The server has moved on; the page needs a fresh start.